 Dungeon Crawl Stone Soup version 0.26-a0-950-g52035dc9a5 (webtiles) character file.

Game seed: 6418641815958490551

12975 PentaManta the Grappler (level 11, -3/104 HPs)
             Began as a Troll Monk on Nov 29, 2020.
             Was an Elder of Dithmenos.
             Slain by Rupert
             ... wielding a +3 battleaxe of electrocution
              (8 damage)
             ... on level 12 of the Dungeon.
             The game lasted 00:19:40 (10133 turns).

PentaManta the Grappler (Troll Monk)               Turns: 10133, Time: 00:19:41

Health: -3/104     AC:  8    Str: 24    XL:     11   Next: 69%
Magic:  10/10      EV: 14    Int:  9    God:    Dithmenos [****..]
Gold:   593        SH:  5    Dex: 12    Spells: 10/10 levels left

rFire    . . .     SeeInvis .     - Unarmed
rCold    . . .     Faith    .   (no shield)
rNeg     + . .     Spirit   .   a - +0 robe
rPois    .         Reflect  +   F - +1 hat {Int+3}
rElec    .         Harm     .   k - +0 cloak
rCorr    .         Rampage  .   (gloves unavailable)
MR       .....                  (boots unavailable)
Stlth    ++........             t - amulet of reflection
HPRegen  0.67/turn              u - +4 ring of slaying
MPRegen  0.12/turn              z - ring of positive energy

@: wreathed by umbra
A: large, unfitting armour, claws 3, regeneration 1, shaggy fur 1, tough skin 3
a: Shadow Step, Renounce Religion


You were on level 12 of the Dungeon.
You worshipped Dithmenos.
Dithmenos was greatly pleased with you.
You visited 2 branches of the dungeon, and saw 13 of its levels.

You collected 593 gold pieces.

Inventory:

Hand Weapons
 E - a +1 dagger of protection
Missiles
 q - 8 large rocks
 D - 3 poisoned darts
Armour
 a - a +0 robe (worn)
 k - a +0 cloak (worn)
 F - a +1 hat of intelligence (worn)
Jewellery
 t - an amulet of reflection (around neck)
 u - a +4 ring of slaying (left claw)
 z - a ring of positive energy (right claw)
Wands
 m - a wand of random effects (17)
 w - a wand of iceblast (16)
 x - a wand of flame (11)
 A - a wand of paralysis (4)
Scrolls
 g - 2 scrolls of teleportation
 i - a scroll of magic mapping
 j - 3 scrolls of fear
 p - 5 scrolls of remove curse
 s - 2 scrolls of summoning
 y - 2 scrolls of fog {unknown}
 B - 3 scrolls of blinking
 G - 3 scrolls of enchant weapon
Potions
 b - a potion of ambrosia
 c - 2 potions of heal wounds
 d - a potion of resistance
 e - 2 potions of might {unknown}
 f - 2 potions of attraction {unknown}
 h - 4 potions of haste {unknown}
 l - 5 potions of curing
 n - a potion of cancellation {unknown}
 o - 2 potions of degeneration
 r - 2 potions of brilliance
 v - 3 potions of lignification
 C - a potion of magic {unknown}
 H - a potion of flight {unknown}


   Skills:
 + Level 5.5 Fighting
 + Level 4.8 Armour
 + Level 8.2 Dodging
 - Level 1.0 Stealth
 * Level 14.0 Unarmed Combat


You had 10 spell levels left.
You didn't know any spells.
Your spell library contained the following spells:

 Spells                   Type           Power        Failure   Level
 Animate Skeleton         Necr           #.....       38%         1
 Apportation              Tloc           #.....       38%         1
 Corona                   Hex            #......      38%         1
 Magic Dart               Conj           #...         38%         1
 Pain                     Necr           #...         38%         1
 Sandblast                Erth           #.....       38%         1
 Shock                    Conj/Air       #...         38%         1
 Summon Small Mammal      Summ           #...         38%         1
 Blink                    Tloc           N/A          52%         2
 Call Imp                 Summ           #.......     52%         2
 Passwall                 Tmut/Erth      #.......     52%         2
 Searing Ray              Conj           #.....       52%         2
 Slow                     Hex            #.......     52%         2
 Swiftness                Air            #.......     52%         2
 Conjure Flame            Conj/Fire      #.......     77%         3
 Dazzling Flash           Conj/Hex       #.....       77%         3
 Mephitic Cloud           Conj/Pois/Air  #.......     77%         3
 Static Discharge         Conj/Air       #.......     77%         3
 Stone Arrow              Conj/Erth      #.....       77%         3
 Vampiric Draining        Necr           #.........   77%         3
 Airstrike                Air            #.........   99%         4
 Animate Dead             Necr           #.........   99%         4
 Fulminant Prism          Conj/Hex       #.........   99%         4
 Iskenderun's Mystic Bla  Conj/Tloc      #.......     99%         4
 Petrify                  Tmut/Erth      #.......     99%         4
 Agony                    Necr           #.......     100%        5
 Lee's Rapid Deconstruct  Erth           #.........   100%        5
 Lightning Bolt           Conj/Air       #.........   100%        5


Dungeon Overview and Level Annotations

Branches:
Dungeon (12/15)            Temple (1/1) D:6            Lair (0/6) D:11
    Orc (0/2) D:11

Altars:
Ashenzari
Cheibriados
Dithmenos
Elyvilon
Fedhas
Gozag
Hepliaklqana
Kikubaaqudgha
Makhleb
Nemelex Xobeh
Okawaru
Qazlal
Ru
Sif Muna
Trog
Uskayaw
Vehumet
Wu Jian
Xom
Yredelemnul
Zin
The Shining One
Lugonu

Shops:
D:5 *   D:9 (=}

Annotations:
D:12 Rupert


Innate Abilities, Weirdness & Mutations

You are too large for most types of armour.
You have claws for hands.
Your natural rate of healing is unusually fast.
You are covered in fur. (AC +1)
You have extremely tough skin. (AC +3)


Message History

You mangle Rupert!!
Rupert is almost dead.
Rupert roars madly and goes into a rage!
Rupert goes berserk!
You claw Rupert! Your claw misses Rupert.
Rupert is almost dead.
Your shadow hits Rupert. Rupert closely misses you.
You claw Rupert!
Rupert is almost dead.
Rupert hits you with a +3 battleaxe of electrocution!!
* * * LOW HITPOINT WARNING * * *
You feel much better.
Rupert hits you with a +3 battleaxe of electrocution.
* * * LOW HITPOINT WARNING * * *
You completely miss Rupert.
Rupert is almost dead.
Rupert hits you with a +3 battleaxe of electrocution!!
* * * LOW HITPOINT WARNING * * *
You are electrocuted!
You die...

# #.#..## # ..#...# #
.# #.#.### #. #.#..##
#######.#####.#.#....
#.§.!...#.....#.#....
#.#######.#####.#....
##.####.##.....#.'....
#...@@..#†..##.###....
#######.#.#.##.####'#.
#<..........##......#.
#..###..#....#########
#...#.......
#######.#### .# .. ...


You could see Rupert (berserk).

Vanquished Creatures
  Gastronok (D:11)
  A boulder beetle (D:12)
  A centaur warrior (D:9)
  An unseen horror (D:11)
  3 ugly things
  A cyclops (D:12)
  Joseph (D:7)
  A centaur skeleton (D:11)
  A troll (D:11)
  A shadow (D:11)
  A wyvern (D:11)
  8 yaks
  2 wraiths
  Menkaure (D:4)
  2 water moccasins
  4 orc warriors
  2 ice beasts
  3 sky beasts
  4 phantoms
  2 black bears
  6 ogres
  5 centaurs
  2 big kobolds
  9 bullfrogs
  5 scorpions
  12 killer bees
  5 wights (D:9)
  2 howler monkeys (D:5)
  A centaur zombie (D:6)
  A bullfrog zombie (D:9)
  A hound (D:4)
  A crimson imp (D:8)
  Crazy Yiuf (D:3)
  A gnoll shaman (D:5)
  4 orc priests
  3 jellies
  4 orc wizards
  Terence (D:2)
  5 iguanas
  4 worker ants
  A hound zombie (D:8)
  5 gnolls (D:5)
  A worker ant zombie (D:10)
  12 adders
  A howler monkey skeleton (D:8)
  A shadow imp (D:6)
  4 white imps
  6 ufetubi
  3 oozes
  An adder skeleton (D:9)
  5 worms
  2 dart slugs
  4 leopard geckos
  31 orcs
  3 bats
  5 giant cockroaches
  4 goblins
  7 hobgoblins
  7 jackals
  13 kobolds
  5 quokkas
  A ball python (D:4)
  10 frilled lizards
  A jackal zombie (D:5)
  2 leopard gecko skeletons (D:7)
  6 rats
  A spectral orc (D:2)
256 creatures vanquished.

Vanquished Creatures (others)
  2 fungi
  4 plants (D:11)
6 creatures vanquished.

Grand Total: 262 creatures vanquished

Notes
Turn   | Place    | Note
-------+----------+-------------------------------------------
     0 | D:1      | PentaManta the Troll Monk began the quest for the Orb.
     0 | D:1      | Reached XP level 1. HP: 22/22 MP: 0/0
   245 | D:1      | You fall into a shaft and drop 1 floor!
   376 | D:1      | Reached XP level 2. HP: 29/29 MP: 1/1
   657 | D:1      | Reached skill level 4 in Unarmed Combat
  1146 | D:2      | Reached XP level 3. HP: 36/36 MP: 2/2
  1232 | D:2      | Found a shimmering altar of Xom.
  1421 | D:2      | Noticed Terence
  1435 | D:2      | Killed Terence
  1507 | D:2      | Reached XP level 4. HP: 44/44 MP: 3/3
  1508 | D:2      | Reached skill level 5 in Unarmed Combat
  1729 | D:2      | Found a basalt altar of Yredelemnul.
  1882 | D:3      | Found a runed translucent door.
  1883 | D:3      | Noticed Crazy Yiuf
  1890 | D:3      | Killed Crazy Yiuf
  1910 | D:3      | Noticed a sky beast
  1916 | D:3      | Reached XP level 5. HP: 37/50 MP: 4/4
  1931 | D:3      | Killed a sky beast
  1932 | D:3      | Reached skill level 6 in Unarmed Combat
  2304 | D:3      | Reached XP level 6. HP: 59/59 MP: 5/5
  2677 | D:4      | Reached skill level 7 in Unarmed Combat
  2725 | D:4      | Found a glowing golden altar of the Shining One.
  3147 | D:4      | Noticed Menkaure
  3154 | D:4      | Killed Menkaure
  3155 | D:4      | Reached XP level 7. HP: 66/66 MP: 6/6
  3333 | D:5      | Entered Level 5 of the Dungeon
  3375 | D:5      | Reached skill level 8 in Unarmed Combat
  3503 | D:5      | Found Qeallit's General Store.
  3921 | D:5      | Reached XP level 8. HP: 63/74 MP: 7/7
  3924 | D:5      | Reached skill level 9 in Unarmed Combat
  4567 | D:6      | Found a staircase to the Ecumenical Temple.
  4584 | Temple   | Entered the Ecumenical Temple
  4703 | D:6      | Reached skill level 5 in Dodging
  4703 | D:6      | Reached skill level 10 in Unarmed Combat
  4789 | D:6      | Found an opulent altar of Gozag.
  4859 | D:6      | Found a sacrificial altar of Ru.
  5486 | D:7      | Found a sacrificial altar of Ru.
  5486 | D:7      | Found a bloodstained altar of Trog.
  5490 | D:7      | Found an ancient bone altar of Kikubaaqudgha.
  5490 | D:7      | Found a shadowy altar of Dithmenos.
  5742 | D:7      | Reached XP level 9. HP: 80/80 MP: 8/8
  5749 | D:7      | Found an ornate altar of the Wu Jian Council.
  5823 | D:7      | Noticed Joseph
  5839 | D:7      | Killed Joseph
  5840 | D:7      | Reached skill level 11 in Unarmed Combat
  6194 | D:7      | Became a worshipper of Dithmenos the Shadowed
  6194 | D:7      | Reached * piety under Dithmenos
  6194 | D:7      | Reached ** piety under Dithmenos
  6340 | D:8      | Found a snail-covered altar of Cheibriados.
  6340 | D:8      | Found a blossoming altar of Fedhas.
  6697 | D:8      | Found a burning altar of Makhleb.
  6697 | D:8      | Found a radiant altar of Vehumet.
  7136 | D:9      | Noticed a centaur warrior
  7145 | D:9      | Killed a centaur warrior
  7146 | D:9      | Reached skill level 1 in Armour
  7146 | D:9      | Reached skill level 12 in Unarmed Combat
  7180 | D:9      | Found Xiyb's Jewellery Emporium.
  7184 | D:9      | Found Nahisini's Antique Weapon Emporium.
  7206 | D:9      | Found an iron altar of Okawaru.
  7229 | D:9      | Found a sparkling altar of Nemelex Xobeh.
  7235 | D:9      | Reached XP level 10. HP: 91/91 MP: 9/9
  7296 | D:9      | Found Gibor's Gadget Shoppe.
  7585 | D:9      | Found a white marble altar of Elyvilon.
  7768 | D:10     | Entered Level 10 of the Dungeon
  7771 | D:10     | Found a white marble altar of Elyvilon.
  7980 | D:10     | Reached *** piety under Dithmenos
  8627 | D:11     | Noticed a cyan ugly thing
  8631 | D:11     | Killed a cyan ugly thing
  8738 | D:11     | Killed an unseen horror
  8739 | D:11     | Reached skill level 13 in Unarmed Combat
  8923 | D:11     | Found a staircase to the Orcish Mines.
  9120 | D:11     | Reached XP level 11. HP: 101/101 MP: 10/10
  9253 | D:11     | Noticed Gastronok
  9287 | D:11     | Killed Gastronok
  9288 | D:11     | Reached skill level 5 in Fighting
  9476 | D:11     | Found a staircase to the Lair.
  9739 | D:12     | Reached **** piety under Dithmenos
  9740 | D:12     | Noticed a red ugly thing
  9749 | D:12     | Killed a red ugly thing
  9883 | D:12     | Noticed a boulder beetle
  9885 | D:12     | Noticed a brown ugly thing
  9889 | D:12     | Killed a boulder beetle
  9894 | D:12     | Killed a brown ugly thing
  9968 | D:12     | Reached skill level 14 in Unarmed Combat
 10082 | D:12     | Noticed Rupert
 10133 | D:12     | HP: 5/104 [Rupert/+3 battleaxe of electrocution (19)]
 10133 | D:12     | Slain by Rupert

Illustrated notes

Levels and vault maps discovered:
D:1:      lightli_arrival_statue_moat, layout_basic
D:2:      minmay_wonky_spiral, layout_loops_cross,
          yredelemnul_forgotten_temple_becter, xom_teletrap_fun, uniq_terence
D:3:      layout_basic, minmay_stone_trees_small, minmay_misc_feat_x,
          uniq_crazy_yiuf_cottage
D:4:      cheibrodos_helix_gallery, layout_loops_ring, tso_oasis_becter,
          uniq_menkaure
D:5:      layout_layer_cave, serial_shops, nicolae_shop_crystal
D:6:      layout_basic, grunt_gozag_breadcrumbs, minmay_temple_entry_tees,
          chequers_serial_rivers_small_3, nicolae_ru_awakened_eye
D:7:      layout_loops_corners, nicolae_overflow_crystal_walls,
          grunt_temple_overflow_open, kennysheep_path_1, uniq_joseph
D:8:      layout_loops_ring, grunt_temple_overflow_lords_of_destruction,
          chequers_temple_overflow_statue_of_worship
D:9:      layout_cave_pools, elyvilon_altar_3, old_standard_altar,
          nemelex_xobeh_ov_fountains_minmay, serial_shops, shop, shop, shop,
          serial_column_ruins, column_ruins_columns_dead_end,
          column_ruins_columns_straight, column_ruins_grid_1,
          column_ruins_columns_corner, column_ruins_grid_1
D:10:     layout_irregular_city, basic_altar
D:11:     layout_roguey, grunt_lair_entry_orc_guard_hut, david_orc_2,
          minmay_misc_feat_plants, uniq_gastronok
D:12:     layout_basic, uniq_rupert
Temple:   corrupted_temple

Skill      XL: |  1  2  3  4  5  6  7  8  9 10 11 |
---------------+----------------------------------+-----
Unarmed Combat | 4 5 6 7 8 10 12 13 14 | 14.0
Dodging        | 3 4 5 6 7 8 |  8.2
Armour         | 1 3 4 |  4.8
Fighting       | 3 4 5 |  5.5
Stealth        | |  1.0

Action                   |  1- 3 |  4- 6 |  7- 9 | 10-12 || total
-------------------------+-------+-------+-------+-------++-------
Melee: Unarmed           |   101 |   136 |   265 |   297 ||   799
       Punch             |     2 |     4 |     9 |    20 ||    35
  Use: Scroll            |     2 |     6 |     6 |     2 ||    16
       Potion            |       |       |       |     5 ||     5
 Stab: Sleeping          |     3 |     5 |     5 |     1 ||    14
       Distracted        |       |       |       |     1 ||     1
Armor: Robe              |    40 |    27 |    51 |    59 ||   177
Dodge: Dodged            |    41 |    46 |   135 |   196 ||   418
Block: Other             |       |       |    29 |    68 ||    97
       Reflection        |       |       |     3 |     4 ||     7

Table legend: (Time is in decaauts)
 A = Elapsed time spent in this place.
 B = Non-inter-level travel time spent in this place.
 C = Inter-level travel time spent in this place.
 D = Time resting spent in this place.
 E = Time spent auto-exploring this place.
 F = Levels seen in this place.
 G = Mean time per level.
                   A        B        C        D        E       F      G
               +--------+--------+--------+--------+--------+-----+--------+
         Total |   9997 |   9685 |    312 |    763 |   7257 |  13 |  769.0 |
       Dungeon |   9910 |   9611 |    299 |    763 |   7185 |  12 |  825.8 |
        Temple |     86 |     73 |     13 |      0 |     72 |   1 |   86.0 |
               +--------+--------+--------+--------+--------+-----+--------+

Top non-repeatable levels by time:
     D:5: 1069 daAuts
     D:1: 1064 daAuts
     D:7: 957 daAuts
    D:10: 949 daAuts
    D:11: 948 daAuts
     D:6: 854 daAuts
     D:3: 820 daAuts
     D:8: 738 daAuts
     D:4: 715 daAuts
     D:2: 710 daAuts
     D:9: 671 daAuts
    D:12: 412 daAuts
  Temple: 86 daAuts
